cohdb
Replays
Latest Replays
All Replays
Popular Replays
Top Player Replays
Match Explorer
How It Works
Community
CoH3 Stats
Reddit
Sign in to upload your games and track your stats! →
Sign in with Steam
Match 45608267
Unlisted
Match 45608267
Overview
Messages
Build Orders
End
Construct Infanterie Kompanie
Kettenkrad Recon Vehicle
Selects Terror Battlegroup
Selects Machine Gun Camouflage
MG 42 Machine Gun Team
MG 42 Machine Gun Team
GrW 34 Mortar Team
Construct Luftwaffe Kompanie
Jäger Squad
Medical Bunker
Forward Retreat Point
Jäger Squad
MG 42 Machine Gun Team
Luftwaffe Officer Quarters
Selects Defend the Fatherland
Jäger Squad
Jäger Squad
Kettenkrad Recon Vehicle
Jäger Squad
Pioneer Squad
Pioneer Squad
Selects King Tiger Heavy Tank
Medical Bunker
Forward Retreat Point
Selects Interrogate
King Tiger Heavy Tank
MG 42 Machine Gun Team
AI Takeover
Tanzeel
upomoc
Decoy
Viktoria Silverbrett
Freeze
KoMoDЫ4
[TW]S.C.
Hauptmann GLIST
0
0
Comments
sign in to comment!
No comments posted yet!